AoeStats
← Eugenius

Black Forest

507367152Analyzed
4v4 RM · 15d ago on Sep 17, 2026· 15m 10s· 8 players
Game mode
Random Map
Map size
Large (8 player)
Population
200
Speed
Normal
Resources
Standard
Victory
Conquest
Starting age
Dark Age
Ending age
Imperial Age
RankedLock teamsTeams togetherTeam positionsShared explorationLock speedFull tech treeHidden civsTurbo modeCheats
Victory
Defeat
🇺🇸 Italians · United States
1707
+21
🇵🇪 Ethiopians · Peru
1671
+23
🇲🇽 Gurjaras · Mexico
1660
+23
🇲🇽 Khmer · Mexico
1657
+23
🇪🇸 Spanish · Spain
1956
-27
🇩🇪 Burgundians · Germany
1926
-27
🇨🇳 Muisca · China
1868
-25
🇦🇷 Japanese · Argentina
1539
-11
Moneimon
11:56 Feudal Age
11:54 Loom
13:31 Double-Bit Axe
15:47 Castle Age
13:36 Horse Collar
[o.p.]Oliver_Khan
0:47 Loom
11:58 Feudal Age
10:29 Double-Bit Axe
13:42 Town Watch
16:50 Castle Age
FutureEwe5582
10:44 Feudal Age
14:29 Castle Age
12:56 Double-Bit Axe
3046964519
0:39 Loom
9:19 Feudal Age
9:48 Double-Bit Axe
quesarito
0:26 Loom
11:41 Feudal Age
12:26 Double-Bit Axe
§Y¶# Ä
3:06 Loom
10:10 Feudal Age
16:09 Castle Age
Eugenius
8:53 Feudal Age
10:18 Fletching
loco_angel
9:40 Feudal Age
13:27 Forging
15:10 Scale Barding Armor
Connection lost

Rejoining the realm…

Still unreachable

The connection could not be restored.

Session expired

The server has moved on; the page needs a fresh start.